 Dungeon Crawl Stone Soup version 0.23-a0-8-gb809bb7 (webtiles) character file.

290 Amnesiac the Conjurer (level 6, -5/41 HPs)
             Began as a Mummy Wizard on Aug 1, 2018.
             Killed from afar by an orc wizard (18 damage)
             ... with a puff of flame
             ... on level 5 of the Dungeon.
             The game lasted 00:06:01 (2801 turns).

Amnesiac the Conjurer (Mummy Wizard)                Turns: 2801, Time: 00:06:02

Health: -5/41      AC:  2    Str: 10    XL:     6   Next: 9%
Magic:  1/13       EV: 12    Int: 20    God:
Gold:   155        SH:  0    Dex: 10    Spells: 3/14 levels left

rFire    x . .     SeeInvis .   b - +0 hand axe
rCold    + . .     Gourm    .   (no shield)
rNeg     + + +     Faith    .   a - +0 robe
rPois    ∞         Spirit   .   (no helmet)
rElec    .         Reflect  .   (no cloak)
rCorr    .         Harm     .   (no gloves)
MR       .....                  (no boots)
Stlth    ++........             (no amulet)
HPRegen  0.13/turn              (no ring)
MPRegen  0.13/turn              (no ring)

@: very slightly contaminated
A: no food or potions, fire vulnerability, cold resistance 1, negative energy
resistance 3, torment resistance, unbreathing
a: no special abilities


You were on level 5 of the Dungeon.
You were not hungry.

You visited 2 branches of the dungeon, and saw 6 of its levels.

You collected 155 gold pieces.

Inventory:

Hand Weapons
 b - a +0 hand axe (weapon)
Missiles
 d - 90 stones (quivered)
Armour
 a - a +0 robe (worn)
 f - +0 ice dragon scales
 k - a +0 buckler
Jewellery
 e - an uncursed ring of poison resistance {unknown}
 g - an uncursed amulet of guardian spirit {unknown}
Scrolls
 c - a scroll of magic mapping {!r}
 h - a scroll of identify {!r, unknown}
 i - 2 scrolls of remove curse {!r}
 j - a scroll of vulnerability {!r, unknown}


   Skills:
 - Level 1.5 Dodging
 - Level 1.5 Stealth
 + Level 4.7 Spellcasting
 * Level 4.8 Conjurations
 - Level 0.7 Summonings
 - Level 0.7 Translocations


You had 3 spell levels left.
You knew the following spells:

 Your Spells              Type           Power        Failure   Level  Hunger
a - Magic Dart            Conj           ###.         1%          1    N/A
b - Call Imp              Summ           #.......     14%         2    N/A
e - Mephitic Cloud        Conj/Pois/Air  ##......     19%         3    N/A
s - Conjure Flame         Conj/Fire      ##......     13%         3    N/A
v - Blink                 Tloc           N/A          14%         2    N/A

Your spell library contained the following spells:

 Spells                   Type           Power        Failure   Level  Hunger
 Slow                     Hex            #.......     19%         2    N/A

Dungeon Overview and Level Annotations

Branches:
Dungeon (5/15)             Temple (1/1) D:5

Altars:
Cheibriados
Dithmenos
Elyvilon
Fedhas
Gozag
Hepliaklqana
Makhleb
Nemelex Xobeh
Okawaru
Qazlal
Sif Muna
Trog
Uskayaw
Wu Jian
Xom
Zin


Innate Abilities, Weirdness & Mutations

You do not eat or drink.
Your flesh is vulnerable to fire.
You are immune to poison.
Your flesh is cold resistant. (rC+)
You are immune to negative energy. (rN+++)
You are immune to unholy pain and torment.
You can survive without breathing.


Message History

Confirm with . or Enter, or press ? or * to list all spells.
You don't have enough magic to cast that spell.
Casting: Magic Dart (safe; 1% risk of failure)
Confirm with . or Enter, or press ? or * to list all spells.
You don't have enough magic to cast that spell.
Casting: Magic Dart (safe; 1% risk of failure)
Confirm with . or Enter, or press ? or * to list all spells.
You don't have enough magic to cast that spell.
Casting: Magic Dart (safe; 1% risk of failure)
Confirm with . or Enter, or press ? or * to list all spells.
You don't have enough magic to cast that spell.
You strike the helpless orc wizard from behind!
You hit the orc wizard.
The orc wizard is heavily wounded.
Casting: Magic Dart (safe; 1% risk of failure)
Confirm with . or Enter, or press ? or * to list all spells.
You don't have enough magic to cast that spell.
You strike the helpless orc wizard from behind!
You hit the orc wizard but do no damage.
The orc wizard is heavily wounded.
A crimson imp comes into view.
Casting: Magic Dart (safe; 1% risk of failure)
Confirm with . or Enter, or press ? or * to list all spells.
You don't have enough magic to cast that spell.
You hit the orc wizard but do no damage.
The orc wizard is heavily wounded.
Casting: Magic Dart (safe; 1% risk of failure)
Confirm with . or Enter, or press ? or * to list all spells.
Aiming: Magic Dart (safe; 1% risk of failure)
Press: ? - help, Shift-Dir - straight line, f/p - orc wizard
Aim: an orc wizard, wielding a dagger and wearing a robe (heavily wounded, confused)
The magic dart hits the orc wizard.
The orc wizard is severely wounded.
The orc wizard seems less confused.
The orc wizard gestures at you while chanting.
The magic dart hits you!
You hit the orc wizard.
The orc wizard is almost dead.
You hit the crimson imp. The orc wizard barely misses you.
The crimson imp hits you.
Casting: Magic Dart (safe; 1% risk of failure)
Confirm with . or Enter, or press ? or * to list all spells.
You don't have enough magic to cast that spell.
You completely miss the orc wizard.
The orc wizard is almost dead.
You closely miss the crimson imp. The orc wizard barely misses you.
The crimson imp blinks!
The orc wizard hits you with a dagger.
You barely miss the orc wizard.
The orc wizard is almost dead.
The orc wizard hits you with a dagger.
You hit the orc wizard.
The orc wizard is almost dead.
You hit the crimson imp but do no damage.
The crimson imp hits you.
* * * LOW HITPOINT WARNING * * *
The orc wizard hits you with a dagger.
* * * LOW HITPOINT WARNING * * *
You aren't carrying any items that you can evoke.
The crimson imp grins evilly.
The crimson imp hits you.
* * * LOW HITPOINT WARNING * * *
The orc wizard points at you and mumbles some strange words.
The puff of flame hits you! The fire burns you terribly!
You die...

#.#.#..##.#............)a.
#.#.#........##.#..####.).
#!..#.###.##.##.... #.[.
##.8.##......###..# #.##
#.##.[...............#.##.##
#...8.>.8....#..##..........
###.....†...###..$.#........
###.8.#.o5.#..##...#.###..
...Y.###..@..#.# ## #. ###
###.# ##......# . #.
######## # .. ##. ## .. # #
##


You could see an orc wizard and a crimson imp.

Vanquished Creatures
  A sky beast (D:5)
  A scorpion (D:4)
  An orc priest (D:5)
  2 worker ants
  2 adders
  A dart slug (D:1)
  2 leopard geckos (D:4)
  3 orcs
  3 bats (D:1)
  5 goblins (D:1)
  2 hobgoblins (D:1)
  5 jackals (D:3)
  2 quokkas
  2 frilled lizards (D:1)
  3 kobolds
  3 rats
38 creatures vanquished.

Vanquished Creatures (collateral kills)
  An iguana (D:4)
  A worker ant (D:4)
  An adder skeleton (D:3)
  A worm (D:4)
  An orc (D:5)
  A rat (D:4)
6 creatures vanquished.

Grand Total: 44 creatures vanquished

Notes
Turn   | Place    | Note
-------+----------+-------------------------------------------
     0 | D:1      | Amnesiac the Mummy Wizard began the quest for the Orb.
     0 | D:1      | Reached XP level 1. HP: 13/13 MP: 5/5
    57 | D:1      | Reached skill level 1 in Conjurations
   530 | D:1      | Reached XP level 2. HP: 16/19 MP: 4/7
   534 | D:1      | Learned a level 2 spell: Blink
   537 | D:1      | Learned a level 2 spell: Call Imp
  1337 | D:2      | Reached XP level 3. HP: 18/24 MP: 1/8
  1342 | D:2      | Learned a level 3 spell: Mephitic Cloud
  1961 | D:4      | Noticed a scorpion
  1962 | D:4      | Reached XP level 4. HP: 20/30 MP: 3/10
  2156 | D:4      | Learned a level 3 spell: Conjure Flame
  2194 | D:4      | Noticed an ogre
  2213 | D:5      | Entered Level 5 of the Dungeon
  2346 | D:5      | Reached XP level 5. HP: 27/35 MP: 0/11
  2503 | D:5      | Found a staircase to the Ecumenical Temple.
  2510 | Temple   | Entered the Ecumenical Temple
  2763 | D:5      | Noticed a sky beast
  2770 | D:5      | Killed a sky beast
  2770 | D:5      | Reached XP level 6. HP: 33/41 MP: 2/13
  2801 | D:5      | Killed from afar by an orc wizard

Vault maps used:
D:1:      giann_forest_graveyard
D:4:      first_ration
D:5:      minmay_temple_entry_statues_pillars, nrook_mini_backslash
Temple:   nicolae_temple_elliptical

Skill      XL: |  1  2  3  4 |
---------------+-------------+-----
Conjurations   | 1 2 3 4 |  4.8
Dodging        | |  1.5
Stealth        | |  1.5
Spellcasting   | |  4.7
Summonings     | |  0.7
Translocations | |  0.7

Action                   |  1- 3 |  4- 6 || total
-------------------------+-------+-------++-------
Melee: Hand axe          |    15 |    21 ||    36
       Dagger            |     3 |       ||     3
 Cast: Magic Dart        |    87 |    26 ||   113
       Call Imp          |    13 |     8 ||    21
       Mephitic Cloud    |     1 |     4 ||     5
       Conjure Flame     |       |     2 ||     2
  Use: Scroll            |     1 |     2 ||     3
 Stab: Confused          |       |     3 ||     3
Armor: Robe              |     8 |     4 ||    12
Dodge: Dodged            |    24 |    18 ||    42

Table legend:
 A = Spawn XP
 B = Non-spawn XP
 C = Spawn XP percentage of total XP
 D = Spawn monster count
 E = Non-spawn monster count
 F = Spawn count percentage of total count
 G = Total turns spent on level
                    A         B        C        D         E        F      G
               +---------+---------+-------+---------+---------+-------+---------
         Total |       0 |     415 |   0.0 |       0 |      44 |   0.0 |  2801
               +---------+---------+-------+---------+---------+-------+---------
           D:1 |       0 |      26 |   0.0 |       0 |      15 |   0.0 |   885
           D:2 |       0 |      15 |   0.0 |       0 |       3 |   0.0 |   210
           D:3 |       0 |      20 |   0.0 |       0 |      10 |   0.0 |   418
           D:4 |       0 |     107 |   0.0 |       0 |       8 |   0.0 |   700
           D:5 |       0 |     215 |   0.0 |       0 |       7 |   0.0 |   342
        Temple |       0 |      32 |   0.0 |       0 |       1 |   0.0 |   246
               +---------+---------+-------+---------+---------+-------+---------
